 Dungeon Sprint DCSS version 0.32-a0-450-g080537f31e (webtiles) character file.

Game seed: 1014799738363216261

5300000 adelrune the Ninja (level 23, -1/153 HPs)
             Began as a Spriggan Warper on Feb 23, 2024.
             Was the Champion of Makhleb.
             Killed by divine providence
             ... invoked by an accursed
              (12 damage)
             ... in the Dungeon (Sprint VIII: "Arena of Blood").
             The game lasted 00:02:40 (53 turns).

adelrune the Ninja (Spriggan Warper)                  Turns: 53, Time: 00:02:40

Health: -1/153     AC:  3    Str:  7    XL:     23   Next: 31%
Magic:  14/55      EV: 46    Int: 17    God:    Makhleb [******]
Gold:   0          SH:  0    Dex: 23    Spells: 76/76 levels left

rFire   . . .        j - +∞ Axe of Woe
rCold   . . .        (shield currently unavailable)
rNeg    . . .        b - +0 robe
rPois   .            (helmet restricted)
rElec   .            (no cloak)
rCorr   .            (gloves unavailable)
SInv    +            (boots unavailable)
Will    ++++.        (no amulet)
Stlth   ++++++++++   (no ring)
HPRegen 0.45/turn    (no ring)
MPRegen 0.34/turn

%: no teleportation
@: very quick
A: very small, no large weapons, unfitting armour, see invisible, speed 3
a: Renounce Religion, Minor Destruction, Lesser Servant of Makhleb, Major
Destruction, Greater Servant of Makhleb


You were in the Dungeon.
You worshipped Makhleb.
Makhleb was exalted by your worship.
You visited 1 branch

Inventory:

Hand Weapons
 a - a +0 hand axe
 j - the +∞ Axe of Woe (weapon)
   (You found it in the Dungeon)
Missiles
 d - 7 darts of dispersal (quivered)
Armour
 b - a +0 robe (worn)
Potions
 e - a potion of curing
 f - a potion of heal wounds
 g - a potion of haste
 h - 2 potions of magic
 i - a potion of berserk rage


   Skills:
 O Level 27 Fighting
 + Level 17.6(20.5) Short Blades
 + Level 13.9(16.2) Long Blades
 O Level 27 Axes
 + Level 12.8(21.6) Maces & Flails
 + Level 12.8(21.6) Polearms
 + Level 12.8(16.8) Staves
 + Level 16.3 Ranged Weapons
 O Level 27 Throwing
 + Level 12.8 Armour
 O Level 27 Dodging
 O Level 27 Stealth
 + Level 12.8 Shields
 + Level 13.8 Unarmed Combat
 O Level 27 Spellcasting
 + Level 12.8 Conjurations
 + Level 19.1 Hexes
 + Level 13.8 Summonings
 + Level 15.0 Necromancy
 O Level 27 Translocations
 + Level 13.8 Fire Magic
 + Level 13.8 Ice Magic
 + Level 15.0 Air Magic
 + Level 15.0 Earth Magic
 + Level 17.6 Alchemy
 O Level 27 Invocations
 + Level 20.6 Evocations
 + Level 19.1 Shapeshifting


You had 76 spell levels left.
You didn't know any spells.
Your spell library contained the following spells:

 Spells                   Type           Power      Damage    Failure   Level
 Blink                    Tloc           100%       N/A       0%          2
 Lesser Beckoning         Tloc           100%       N/A       0%          2
 Teleport Other           Tloc           86%        N/A       0%          3
 Manifold Assault         Tloc           86%        N/A       0%          4
 Vhi's Electric Charge    Tloc/Air       100%       N/A       0%          4


Dungeon Overview and Level Annotations

Branches:
Dungeon (1/1)

Altars:
Makhleb


Innate Abilities, Weirdness & Mutations

You are very small and have problems with some larger weapons.
You are too small for most types of armour.
You have supernaturally acute eyesight. (SInv)
You cover ground extremely quickly. (Speed+++)


Message History

Something smites you!
Your base Short Blades skill increases to level 17!
Your base Long Blades skill increases to level 13!
Your base Maces & Flails skill increases to level 12!
Your base Polearms skill increases to level 12!
Your base Staves skill increases to level 12!
Your Ranged Weapons skill increases to level 16!
Your Armour skill increases to level 12!
Your Shields skill increases to level 12!
Your Unarmed Combat skill increases to level 13!
Your Conjurations skill increases to level 12!
Your Hexes skill gained 2 levels and is now at level 19!
Your Summonings skill increases to level 13!
Your Necromancy skill increases to level 15!
Your Fire Magic skill increases to level 13!
Your Ice Magic skill increases to level 13!
Your Air Magic skill increases to level 15!
Your Earth Magic skill increases to level 15!
Your Alchemy skill increases to level 17!
Your Evocations skill increases to level 20!
Your Shapeshifting skill gained 2 levels and is now at level 19!
You have reached level 23!
You are engulfed in blazing flames.
The bag of meat is engulfed in blazing flames. x4
The bag of meat attacks as it pursues you!
The bag of meat hits you with a +9 war axe!!!
* * * LOW HITPOINT WARNING * * *
The accursed gestures at you while chanting.
Something smites you!
* * * LOW HITPOINT WARNING * * *
Items here: )) == †.
The accursed appears out of thin air!
An accursed comes into view.
The bag of meat is engulfed in blazing flames.
Items here: )) ==.
A bag of meat comes into view. It is wielding a +9 war axe.
The bag of meat is engulfed in blazing flames. x3
The accursed gestures at you while chanting.
Something smites you!
You die...

#..o.# o.... ......
#..o.##.o.....#....
#.oo..#....o#......
#§o§§.O###.......o.
#o°°O.##....#§.....
#oo§§#........#....
#§§).#.....)..o..O.
#)o§☼§.....)§§§..##
#§@☼)o.....)o°§V...
#.)○○..OMV.)§§§....
#.........#....o...
#........#.#.#.V...
#.........#.#...o..
#..###..M#.#.#.....
#... ##...#.# ....#
#... #.....o .....


You could see 2 accurseds, a destroyer (wandering), a large bag of meat (inner
flame), 2 meat berserkers and 10 bags of meat.

Vanquished Creatures
  3 vampire knights (D)
  14 ogres (D)
  5 two-headed ogres (D)
  45 orcs (D)
  2 skeletal warriors (D)
69 creatures vanquished.

Notes
Turn   | Place    | Note
-------+----------+-------------------------------------------
     0 | D        | Found the +∞ Axe of Woe
     0 | D        | adelrune the Spriggan Warper began the quest for the Orb.
     0 | D        | Reached XP level 1. HP: 10/10 MP: 5/5
     2 | D        | Noticed a meat berserker
     4 | D        | Became a worshipper of Makhleb the Destroyer
     5 | D        | Noticed a bag of meat
     5 | D        | Noticed a bag of meat
     5 | D        | Noticed a bag of meat
     8 | D        | Killed a meat berserker
     9 | D        | Reached skill level 15 in Translocations
     9 | D        | Reached XP level 2. HP: 23/23 MP: 5/16
     9 | D        | Reached XP level 3. HP: 28/28 MP: 5/18
     9 | D        | Reached XP level 4. HP: 32/32 MP: 5/19
     9 | D        | Reached XP level 5. HP: 36/36 MP: 5/21
     9 | D        | Reached XP level 6. HP: 41/41 MP: 5/22
     9 | D        | Reached XP level 7. HP: 44/44 MP: 5/24
     9 | D        | Reached XP level 8. HP: 49/49 MP: 5/25
     9 | D        | Reached XP level 9. HP: 53/53 MP: 5/26
     9 | D        | Reached XP level 10. HP: 58/58 MP: 5/27
     9 | D        | Reached XP level 11. HP: 62/62 MP: 5/28
     9 | D        | Noticed a bag of meat
    10 | D        | Killed a bag of meat
    10 | D        | Reached * piety under Makhleb
    10 | D        | Noticed a meat berserker
    11 | D        | Reached skill level 10 in Fighting
    11 | D        | Reached skill level 15 in Dodging
    11 | D        | Reached XP level 12. HP: 68/68 MP: 5/31
    11 | D        | Killed a bag of meat
    11 | D        | Noticed a bag of meat
    12 | D        | Reached skill level 15 in Axes
    12 | D        | Reached XP level 13. HP: 74/74 MP: 5/32
    12 | D        | Noticed a bag of meat
    12 | D        | Killed a bag of meat
    12 | D        | Noticed a bag of meat
    12 | D        | Noticed a meat berserker
    12 | D        | Noticed a bag of meat
    13 | D        | Reached skill level 15 in Spellcasting
    14 | D        | Noticed a bag of meat
    15 | D        | Noticed a meat berserker
    16 | D        | Killed a meat berserker
    16 | D        | Reached ** piety under Makhleb
    16 | D        | Noticed a bag of meat
    16 | D        | Noticed a bag of meat
    16 | D        | Noticed a bag of meat
    17 | D        | Reached XP level 14. HP: 81/81 MP: 6/35
    17 | D        | Noticed a bag of meat
    17 | D        | Noticed a bag of meat
    17 | D        | Noticed a bag of meat
    17 | D        | Noticed a bag of meat
    17 | D        | Noticed a bag of meat
    17 | D        | Noticed a meat berserker
    17 | D        | Noticed a bag of meat
    17 | D        | Noticed a bag of meat
    17 | D        | Noticed a bag of meat
    17 | D        | Noticed a bag of meat
    17 | D        | Noticed a large bag of meat
    17 | D        | Noticed a bag of meat
    17 | D        | Noticed a bag of meat
    17 | D        | Noticed a meat berserker
    17 | D        | Noticed a bag of meat
    17 | D        | Noticed a bag of meat
    17 | D        | Noticed a meat berserker
    17 | D        | Noticed a meat berserker
    18 | D        | Killed a bag of meat
    18 | D        | Noticed a bag of meat
    18 | D        | Noticed a bag of meat
    18 | D        | Noticed a bag of meat
    18 | D        | Noticed a bag of meat
    18 | D        | Noticed a bag of meat
    18 | D        | Noticed a bag of meat
    18 | D        | Noticed a bag of meat
    18 | D        | Noticed a bag of meat
    19 | D        | Reached skill level 15 in Throwing
    19 | D        | Killed a bag of meat
    19 | D        | Noticed a bag of meat
    19 | D        | Noticed a bag of meat
    19 | D        | Noticed a bag of meat
    20 | D        | Noticed a meat berserker
    20 | D        | Noticed a meat berserker
    21 | D        | Killed a bag of meat
    21 | D        | Reached *** piety under Makhleb
    21 | D        | Killed a meat berserker
    21 | D        | Noticed a bag of meat
    21 | D        | Noticed a meat berserker
    22 | D        | Reached XP level 15. HP: 85/88 MP: 7/39
    22 | D        | Noticed a destroyer
    22 | D        | Killed a meat berserker
    22 | D        | Reached **** piety under Makhleb
    22 | D        | Killed a meat berserker
    23 | D        | Reached XP level 16. HP: 96/96 MP: 7/42
    23 | D        | Noticed a meat berserker
    23 | D        | Noticed a destroyer
    24 | D        | Noticed a destroyer
    24 | D        | Killed a meat berserker
    24 | D        | Killed a meat berserker
    24 | D        | Noticed a large bag of meat
    25 | D        | Reached skill level 27 in Stealth
    25 | D        | Reached skill level 10 in Invocations
    26 | D        | Killed a meat berserker
    26 | D        | Reached ***** piety under Makhleb
    26 | D        | Noticed a large bag of meat
    27 | D        | Reached skill level 27 in Dodging
    27 | D        | Reached skill level 27 in Translocations
    27 | D        | Reached XP level 17. HP: 105/105 MP: 8/46
    27 | D        | Killed a large bag of meat
    27 | D        | Reached ****** piety under Makhleb
    28 | D        | Reached skill level 27 in Axes
    28 | D        | Reached XP level 18. HP: 81/114 MP: 8/49
    28 | D        | Noticed a large bag of meat
    28 | D        | Killed a meat berserker
    28 | D        | Noticed a destroyer
    29 | D        | Reached skill level 27 in Spellcasting
    29 | D        | Killed a meat berserker
    29 | D        | Killed a meat berserker
    29 | D        | Noticed a large bag of meat
    30 | D        | Reached skill level 27 in Fighting
    30 | D        | Reached skill level 27 in Throwing
    30 | D        | Reached skill level 27 in Invocations
    30 | D        | Reached skill level 1 in Long Blades
    30 | D        | Reached skill level 1 in Maces & Flails
    30 | D        | Reached skill level 1 in Polearms
    30 | D        | Reached skill level 1 in Staves
    30 | D        | Reached skill level 1 in Armour
    30 | D        | Reached skill level 1 in Shields
    30 | D        | Reached skill level 1 in Unarmed Combat
    30 | D        | Reached skill level 1 in Conjurations
    30 | D        | Reached skill level 1 in Summonings
    30 | D        | Reached skill level 1 in Necromancy
    30 | D        | Reached skill level 1 in Fire Magic
    30 | D        | Reached skill level 1 in Ice Magic
    30 | D        | Reached skill level 1 in Air Magic
    30 | D        | Reached skill level 1 in Earth Magic
    30 | D        | Reached XP level 19. HP: 132/132 MP: 9/51
    30 | D        | Noticed a meat berserker
    30 | D        | Noticed a large bag of meat
    34 | D        | Noticed a destroyer
    34 | D        | Killed a destroyer
    35 | D        | Reached skill level 5 in Short Blades
    35 | D        | Reached skill level 5 in Ranged Weapons
    35 | D        | Reached skill level 5 in Alchemy
    35 | D        | Killed a destroyer
    36 | D        | Reached skill level 5 in Long Blades
    36 | D        | Reached skill level 5 in Unarmed Combat
    36 | D        | Reached skill level 5 in Summonings
    36 | D        | Reached skill level 5 in Necromancy
    36 | D        | Reached skill level 5 in Fire Magic
    36 | D        | Reached skill level 5 in Ice Magic
    36 | D        | Reached skill level 5 in Air Magic
    36 | D        | Reached skill level 5 in Earth Magic
    36 | D        | Reached XP level 20. HP: 137/137 MP: 10/52
    36 | D        | Killed a meat berserker
    36 | D        | Noticed a meat berserker
    37 | D        | Reached skill level 10 in Evocations
    37 | D        | Killed a large bag of meat
    38 | D        | Reached skill level 10 in Short Blades
    38 | D        | Reached skill level 10 in Alchemy
    40 | D        | Reached skill level 10 in Ranged Weapons
    40 | D        | Reached XP level 21. HP: 106/142 MP: 11/53
    42 | D        | Reached skill level 10 in Necromancy
    42 | D        | Reached skill level 10 in Air Magic
    42 | D        | Reached skill level 10 in Earth Magic
    43 | D        | Reached skill level 10 in Long Blades
    43 | D        | Reached skill level 10 in Unarmed Combat
    43 | D        | Reached skill level 10 in Summonings
    43 | D        | Reached skill level 10 in Fire Magic
    43 | D        | Reached skill level 10 in Ice Magic
    43 | D        | Reached skill level 15 in Evocations
    43 | D        | Noticed a large bag of meat
    46 | D        | Killed a large bag of meat
    47 | D        | Reached skill level 10 in Maces & Flails
    47 | D        | Reached skill level 10 in Polearms
    47 | D        | Reached skill level 10 in Staves
    47 | D        | Reached skill level 10 in Armour
    47 | D        | Reached skill level 10 in Shields
    47 | D        | Reached skill level 10 in Conjurations
    47 | D        | Reached XP level 22. HP: 115/148 MP: 12/54
    47 | D        | Killed a destroyer
    49 | D        | Noticed an accursed
    50 | D        | Reached skill level 15 in Ranged Weapons
    50 | D        | Killed a large bag of meat
    50 | D        | Killed a large bag of meat
    51 | D        | Reached skill level 15 in Necromancy
    51 | D        | Reached skill level 15 in Air Magic
    51 | D        | Reached skill level 15 in Earth Magic
    51 | D        | Reached XP level 23. HP: 75/153 MP: 13/55
    53 | D        | Noticed an accursed
    53 | D        | Killed from afar by an accursed

Illustrated notes

Levels and vault maps discovered:
D:        meatsprint

Skill      XL: |  1  2  3  4  5  6  7  8  9 10 11 12 13 14 15 16 17 18 19 20 21 22 |
---------------+-------------------------------------------------------------------+-----
Fighting       | 9 10 11 12 14 16 18 20 27 | 27.0
Axes           | 13 14 15 17 19 21 24 27 | 27.0
Throwing       | 11 12 13 14 16 18 21 23 27 | 27.0
Dodging        | 14 15 16 19 21 23 27 | 27.0
Stealth        | 16 17 18 21 24 26 27 | 27.0
Spellcasting   | 12 14 16 19 21 24 26 27 | 27.0
Translocations | 15 16 17 19 22 24 27 | 27.0
Invocations    | 16 21 27 | 27.0
Short Blades   | 2 7 10 14 17 | 17.6
Long Blades    | 1 5 8 11 13 | 13.9
Maces & Flails | 1 4 7 10 12 | 12.8
Polearms       | 1 4 7 10 12 | 12.8
Staves         | 1 4 7 10 12 | 12.8
Ranged Weapons | 2 6 10 13 16 | 16.3
Armour         | 1 4 7 10 12 | 12.8
Shields        | 1 4 7 10 12 | 12.8
Unarmed Combat | 1 5 8 11 13 | 13.8
Conjurations   | 1 4 7 10 12 | 12.8
Hexes          | 2 7 11 16 19 | 19.1
Summonings     | 1 5 8 11 13 | 13.8
Necromancy     | 1 5 9 12 15 | 15.0
Fire Magic     | 1 5 8 11 13 | 13.8
Ice Magic      | 1 5 8 11 13 | 13.8
Air Magic      | 1 5 9 12 15 | 15.0
Earth Magic    | 1 5 9 12 15 | 15.0
Alchemy        | 2 7 10 14 17 | 17.6
Evocations     | 2 8 12 17 20 | 20.6
Shapeshifting  | 2 7 11 16 19 | 19.1

Action                     |  1- 3 |  4- 6 |  7- 9 | 10-12 | 13-15 | 16-18 | 19-21 | 22-24 || total
---------------------------+-------+-------+-------+-------+-------+-------+-------+-------++-------
  Melee: Broad axe         |     1 |       |       |     2 |     6 |     5 |    11 |     3 ||    28
 Invoke: Major Destruction |       |       |       |       |       |     1 |       |       ||     1
    Use: Scroll            |       |       |       |       |     1 |       |     1 |       ||     2
   Stab: Distracted        |       |       |       |       |       |       |     1 |       ||     1
 Armour: Robe              |       |       |       |       |     2 |     1 |     6 |     7 ||    16
  Dodge: Dodged            |       |       |       |       |       |       |       |     1 ||     1

Table legend: (Time is in decaauts)
 A = Elapsed time spent in this place.
 B = Non-inter-level travel time spent in this place.
 C = Inter-level travel time spent in this place.
 D = Time resting spent in this place.
 E = Time spent auto-exploring this place.
 F = Levels seen in this place.
 G = Mean time per level.
                   A        B        C        D        E       F      G
               +--------+--------+--------+--------+--------+-----+--------+
         Total |     38 |     38 |      0 |      0 |      0 |   1 |   38.0 |
       Dungeon |     38 |     38 |      0 |      0 |      0 |   1 |   38.0 |
               +--------+--------+--------+--------+--------+-----+--------+

Top non-repeatable levels by time:
       D: 38 daAuts
